 Dungeon Crawl Stone Soup version 0.28-a0-987-g8383568036 (webtiles) character file.

Game seed: 6569585725114650390

11 GregHouse the Chopper (level 2, -1/27 HPs)
             Began as a Hill Orc Monk on Dec 4, 2021.
             Slain by a worm (10 damage)
             ... on level 2 of the Dungeon.
             The game lasted 00:03:01 (1030 turns).

GregHouse the Chopper (Hill Orc Monk)               Turns: 1030, Time: 00:03:02

Health: -1/27      AC:  2    Str: 13    XL:     2   Next: 29%
Magic:  2/2        EV: 12    Int: 10    God:
Gold:   22         SH:  0    Dex: 13    Spells: 1/1 levels left

rFire   . . .      SeeInvis .   a - +0 hand axe
rCold   . . .      Faith    .   (no shield)
rNeg    . . .      Spirit   .   b - +0 robe
rPois   .          Reflect  .   (no helmet)
rElec   .          Harm     .   (no cloak)
rCorr   .          Rampage  .   (no gloves)
Will    .....                   (no boots)
Stlth   ++........              e - amulet of the acrobat
HPRegen 0.09/turn               (no ring)
MPRegen 0.08/turn               (no ring)

@: no status effects
A: no striking features
a: no special abilities


You were on level 2 of the Dungeon.
You visited 1 branch of the dungeon, and saw 2 of its levels.

You collected 22 gold pieces.

Inventory:

Hand Weapons
 a - a +0 hand axe (weapon)
Armour
 b - a +0 robe (worn)
Jewellery
 e - an amulet of the acrobat (around neck)
Scrolls
 c - a scroll of blinking {unknown}
 d - a scroll of identify {unknown}


   Skills:
 + Level 3.8 Fighting
 + Level 4.4 Axes
 + Level 2.5 Dodging
 + Level 1.6 Stealth


You had one spell level left.
You didn't know any spells.
Your spell library was empty.

Dungeon Overview and Level Annotations

Branches:
Dungeon (2/15)

Altars:

Annotations:
D:1 exclusion: downstairs
D:2 Jessica, Natasha


Message History

You slash the ball python!
You kill the ball python!
A goblin comes into view. It is wielding a +0 dagger.
There is a stone staircase leading up here.
You hit the worm.
The worm is lightly wounded.
The worm bites you.
You barely miss the worm. You hit the worm.
The worm is lightly wounded.
The worm closely misses you.
You hit the worm but do no damage.
The worm is lightly wounded.
The worm bites you.
You hit the worm.
The worm is lightly wounded.
The worm bites you!
* * * LOW HITPOINT WARNING * * *
You hit the worm but do no damage.
The worm is lightly wounded.
You hit the worm but do no damage.
The worm is lightly wounded.
The worm completely misses you.
You hit the worm.
The worm is lightly wounded.
The worm closely misses you.
You hit the worm.
The worm is moderately wounded.
You hit the worm.
The worm is moderately wounded.
The worm barely misses you.
You barely miss the worm.
The worm is moderately wounded.
You hit the worm.
The worm is heavily wounded.
The worm bites you but does no damage.
You barely miss the worm.
The worm is moderately wounded.
The worm bites you!
You die...

#######..........#......
#..........#######
#..........#
#..........#
##........##
#†.........#
#..........#
#w.........#
#@†........#
#..........#
##........## ##......##
########


You could see a worm.

Vanquished Creatures
  3 bats
  3 endoplasms
  A goblin (D:1)
  A quokka (D:1)
  A ball python (D:2)
  2 frilled lizards (D:1)
11 creatures vanquished.

Vanquished Creatures (others)
  2 plants (D:2)
2 creatures vanquished.

Grand Total: 13 creatures vanquished

Notes
Turn   | Place    | Note
-------+----------+-------------------------------------------
     0 | D:1      | GregHouse the Hill Orc Monk began the quest for the Orb.
     0 | D:1      | Reached XP level 1. HP: 19/19 MP: 1/1
    99 | D:2      | Noticed Natasha
    99 | D:2      | Found a faded altar of an unknown god.
   519 | D:1      | Reached XP level 2. HP: 25/27 MP: 2/2
   838 | D:2      | Noticed Jessica
  1030 | D:2      | Slain by a worm

Illustrated notes

Levels and vault maps discovered:
D:1:      kennysheep_arrival_forest, layout_basic,
          minmay_misc_feat_secret_circle
D:2:      layout_rooms, chequers_ecumenical_altar_simple_redux, basic_altar,
          serial_bayou_ford_a, minmay_strange_pillars, uniq_natasha, uniq_robin,
          uniq_jessica

Action                   || total
-------------------------++-------
Melee: Hand axe          ||    42
 Stab: Sleeping          ||     1
Armor: Robe              ||     7
Dodge: Dodged            ||    20

Table legend: (Time is in decaauts)
 A = Elapsed time spent in this place.
 B = Non-inter-level travel time spent in this place.
 C = Inter-level travel time spent in this place.
 D = Time resting spent in this place.
 E = Time spent auto-exploring this place.
 F = Levels seen in this place.
 G = Mean time per level.
                   A        B        C        D        E       F      G
               +--------+--------+--------+--------+--------+-----+--------+
         Total |   1036 |    981 |     55 |    266 |    494 |   2 |  518.0 |
       Dungeon |   1036 |    981 |     55 |    266 |    494 |   2 |  518.0 |
               +--------+--------+--------+--------+--------+-----+--------+

Top non-repeatable levels by time:
     D:1: 876 daAuts
     D:2: 159 daAuts
